Cogmind - Beta 16.1 @@@ ROGUE MODE // 2026.04.04 @ 21:15:04 Player: Thqwib-Linux Result: Destroyed by G-47 Trooper with Particle Gun Performance ------------- Evolutions (0) 0 Regions Visited (2) 400 Robots Destroyed (16) 80 Value Destroyed (309) 309 Prototype IDs (2) 40 Alien Tech Used (0) 0 Bonus (0) 0 TOTAL SCORE: 829 Bonus ------- None Cogmind --------- Core Integrity 0/250 Matter 272/300 Energy 250/250 System Corruption 0% Temperature Cool (9) Movement Walking (190) Ox1 Location -10/Subcaves Parts ------- > --- POWER (1) -------- Ion Engine > --- PROPULSION (2) --- Aluminum Leg > --- UTILITY (2) ------ Medium Storage Unit > --- WEAPON (2) ------- Light Assault Rifle Light Assault Rifle > --- INVENTORY (10) --- Hacking Suite Light Assault Rifle Light Assault Rifle Rocket Launcher Rocket Launcher Peak State ------------ > --- POWER ------------ Light Ion Engine > --- PROPULSION ------- Aluminum Leg Aluminum Leg > --- UTILITY ---------- Medium Storage Unit Light Armor Plating > --- WEAPON ----------- Riot Gun Light Assault Rifle > --- INVENTORY -------- Ion Engine Light Ion Engine Aluminum Leg Hacking Suite Light Assault Rifle Light Assault Rifle Light Assault Rifle Light Assault Rifle Rocket Launcher Rocket Launcher [Rating: 10] Favorites ----------- Power Ion Engine Engine Ion Engine Propulsion Aluminum Leg Leg Aluminum Leg Utility Medium Storage Unit Device Seismic Detector Storage Medium Storage Unit Protection Light Armor Plating Weapon Light Assault Rifle Energy Gun Medium Laser Ballistic Gun Light Assault Rifle Launcher Rocket Launcher Build | -11 -10 -10 ------- Run | Yrd Mat Sub Slots Evolved . | . . . Power . | . . . Propulsion . | . . . Utility . | . . . Weapon . | . . . Parts Attached 17 | 2 8 7 Power 3 | . 1 2 Engine 3 | . 1 2 Core . | . . . Reactor . | . . . Propulsion 2 | . 1 1 Treads . | . . . Leg 2 | . 1 1 Wheel . | . . . Hover . | . . . Flight . | . . . Utility 3 | 1 2 . Device 1 | 1 . . Storage 1 | . 1 . Processor . | . . . Hackware . | . . . Protection 1 | . 1 . Artifact . | . . . Weapon 9 | 1 4 4 Energy Gun 1 | . . 1 Energy Cannon . | . . . Ballistic Gun 6 | 1 3 2 Ballistic Cannon . | . . . Launcher 2 | . 1 1 Special Weapon . | . . . Impact Weapon . | . . . Slashing Weapon . | . . . Piercing Weapon . | . . . Special Melee Weapon . | . . . Unidentified Prototypes . | . . . Parts Lost 7 | . . 7 Power 2 | . . 2 Propulsion 2 | . . 2 Utility 1 | . . 1 Weapon 2 | . . 2 Highest Loss Streak 2 | . . 2 To Critical Strikes . | . . . Average Backups 7 | 4 7 7 Power 1 | 1 1 . Propulsion . | 3 . . Utility 1 | . 1 1 Weapon 4 | . 4 5 Tool/Special . | . . . Unused Backups 7 | . 6 1 Power 2 | . 2 . Propulsion . | . . . Utility 3 | . 2 1 Weapon 2 | . 2 . Tool/Special . | . . . Average Slot Usage (%) 93 | . 99 86 Engine 13 | . 14 13 Leg 27 | . 27 27 Device 2 | . 4 . Storage 14 | . 14 14 Protection 6 | . 9 2 Energy Gun 3 | . 3 3 Ballistic Gun 24 | . 24 23 Peak Build Rating 10 | 7 9 10 Average Rating 7 | 6 7 7 On Entrance 7 | 6 7 8 Avg Prop Armor Cover (%) . | . . . Naked Turns . | . . . Heaviest Build 21 | 15 21 20 Greatest Support 20 | 20 20 20 Greatest Overweight (x) 1 | . 1 . Average Overweight (x) . | . . . Largest Inventory Capacity 10 | 8 10 10 Average Capacity 9 | 8 8 10 Most Carried 10 | 6 10 10 Average Carried 7 | 4 7 7 Final Capacity 10 | 8 10 10 Final Carried 9 | 1 9 5 Class Distribution -------------------- 100% | Mutant Dominant Class ---------------- Mutant | -10/Materials Mutant | -10/Subcaves Resources | -11 -10 -10 ----------- Run | Yrd Mat Sub Matter Collected 538 | 220 187 131 Remotely . | . . . Salvage Created 547 | 101 273 173 Parts 36 | 3 24 9 Haulers Intercepted 2 | . 2 . Recyclers Shooed 1 | . 1 . Parts Field Recycled . | . . . Retrieved Matter . | . . . Parts Self-Destructed 6 | . . 6 Prevented . | . . . Parts Restored . | . . . Kills | -11 -10 -10 ------- Run | Yrd Mat Sub Combat Hostiles Destroyed 11 | . 8 3 Guns 11 | . 8 3 Classes Destroyed 8 | 2 4 2 Tunneler 1 | 1 . . Hauler 2 | . 2 . Recycler 1 | 1 . . Operator 1 | . 1 . Swarmer 6 | . 6 . Grunt 2 | . 2 . Sentry 1 | . . 1 Subdweller 2 | . . 2 Best Kill Streak 3 | 2 3 2 Combat Bots Only 3 | . 3 2 Max Kills in Single Turn 2 | 1 2 1 Gunslinging 1 | . 1 . Exploded . | . . . Melee . | . . . Uniques/NPCs Destroyed . | . . . Combat | -11 -10 -10 -------- Run | Yrd Mat Sub Hostile Shots Fired 89 | . 39 50 Missed 20 | . 10 10 Hits 69 | . 29 40 Projectile 69 | . 29 40 Critical Strikes 5 | . 1 4 Damage Taken 1093 | . 281 812 Core 250 | . 72 178 Absorbed by Shields . | . . . Regen/Repaired (Parts) 78 | . 78 . Core Remaining (%) 100 | 100 . . Volleys Fired 74 | 6 32 36 Largest 2 | 2 2 2 Hottest 90 | 90 70 70 Shots Fired 143 | 12 63 68 Gun 139 | 12 62 65 Cannon . | . . . Launcher 4 | . 1 3 Special . | . . . Kinetic 108 | . 52 56 Thermal 16 | 6 10 . Explosive 4 | . 1 3 Electromagnetic 15 | 6 . 9 Robot Hit Streak 17 | 5 9 17 Robot Miss Streak 4 | 2 4 1 Penetration Max . | . . . Secondary Targets 2 | . 1 1 Max Gunslinging Chain 1 | . 1 1 Shots Hit Robots 102 | 8 35 59 Core Hits 37 | 3 20 14 Critical Kills . | . . . Critical Parts Destroyed . | . . . Critical Strikes 3 | . 3 . Burn 3 | . 3 . Melee Attacks . | . . . Impact . | . . . Slashing . | . . . Piercing . | . . . Sneak Attacks . | . . . Combat Hostiles . | . . . Follow-up Attacks . | . . . Damage Inflicted 1117 | 146 434 537 Guns 1057 | 107 413 537 Cannons . | . . . Explosions 39 | 39 . . Melee . | . . . Ramming 21 | . 21 . Kinetic 721 | . 325 396 Thermal 165 | 77 88 . Explosive . | . . . Electromagnetic 210 | 69 . 141 Impact . | . . . Slashing . | . . . Piercing . | . . . Highest Corruption . | . . . Average Corruption . | . . . Corruption Purged . | . . . Corruption Blocked . | . . . Overload Shots . | . . . Overflow Damage . | . . . Projectiles . | . . . Explosions . | . . . Melee . | . . . Knockbacks . | . . . Impact . | . . . Kinetic . | . . . Secondary . | . . . Self-Inflicted Damage . | . . . Shots . | . . . Rammed . | . . . Targets Rammed 5 | . 5 . Kicked 5 | . 5 . Crushed . | . . . Highest Temperature 180 | 180 54 7 Average Temperature 33 | 91 14 4 Received Heat Transfer 435 | . 90 345 Siege Activations . | . . . Martial Activations . | . . . Shielding Activations . | . . . Robots Disrupted . | . . . Combat Hostiles . | . . . Robots Corrupted . | . . . Combat Hostiles . | . . . Parts Fried . | . . . Impact Corruptions . | . . . Robots Melted . | . . . Combat Hostiles . | . . . Parts Melted 1 | 1 . . Heat Transferred 642 | 161 481 . Parts Sabotaged . | . . . Parts Stolen . | . . . Parts Stripped . | . . . Power Chain Reactions 1 | 1 . . Alert | -11 -10 -10 ------- Run | Yrd Mat Sub Maximum Alert Level . | . . . Low Security (%) 100 | 100 100 . Level 1 . | . . . Level 2 . | . . . Level 3 . | . . . Level 4 . | . . . Level 5 . | . . . High Security . | . . . Max Security . | . . . Peak Influence 128 | 10 128 . Initial . | . . . Average 31 | 1 32 . Influence Increases 338 | 10 308 20 Destroy 0b10 Robot/C 180 | . 160 20 Destroy 0b10 Robot/NC 25 | 10 15 . Destroy Leader 44 | . 44 . Successful Hack 21 | . 21 . Disable Machine 15 | . 15 . Destroy Structure 8 | . 8 . Partial Spotted 15 | . 15 . Lose Combat Pursuer 30 | . 30 . Influence Decreases 338 | 10 308 20 Time Decay 289 | 10 259 20 Purge Threat 49 | . 49 . Squads Dispatched 2 | . 2 . Investigation 1 | . 1 . Extermination . | . . . Reinforcement 1 | . 1 . Assault . | . . . Garrison . | . . . Intercept . | . . . Searches Triggered . | . . . Construction Impeded . | . . . Haulers Reinforced . | . . . Active Scanning Responses . | . . . Cargo Convoy Interrupts . | . . . Stealth | -11 -10 -10 --------- Run | Yrd Mat Sub Distress Signals 2 | . 2 . Communications Jammed . | . . . Distress Signals . | . . . Times Spotted 25 | . 21 4 Peak Tracking Total 4 | . 4 2 Tactical Retreats 2 | . 2 . Traps | -11 -10 -10 ------- Run | Yrd Mat Sub Traps Triggered 4 | . 1 3 Indirectly . | . . . Trap Hack Attempts . | . . . Triggered . | . . . Disarmed . | . . . Reprogrammed . | . . . Reused . | . . . Traps Extracted . | . . . Installed . | . . . Triggered . | . . . Machines | -11 -10 -10 ---------- Run | Yrd Mat Sub Machines Disabled 1 | . 1 . Max in Single Turn 1 | . 1 . Machines Repaired . | . . . Machines Dismantled . | . . . Machines Sabotaged . | . . . Overloaded Fab Kills . | . . . Hacking | -11 -10 -10 --------- Run | Yrd Mat Sub Machines Accessed 8 | . 8 . Terminals 5 | . 5 . Fabricators . | . . . Repair Stations 1 | . 1 . Recycling Units 2 | . 2 . Scanalyzers . | . . . Garrison Access . | . . . Total Hacks 27 | . 27 . Successful 16 | . 16 . Failed 10 | . 10 . Catastrophic 1 | . 1 . Database Lockouts 1 | . 1 . Manual 14 | . 14 . Terminals 19 | . 19 . Fabricators . | . . . Repair Stations 4 | . 4 . Recycling Units 4 | . 4 . Scanalyzers . | . . . Garrison Access . | . . . Terminal Hacks 6 | . 6 . Robot Analysis 2 | . 2 . Prototype ID Bank 1 | . 1 . Unreport Threat 1 | . 1 . Locate Traps 1 | . 1 . Hauler Manifests 1 | . 1 . Fabricator Hacks . | . . . Repair Station Hacks 4 | . 4 . Scan Component 2 | . 2 . Repair 2 | . 2 . Recycling Unit Hacks 2 | . 2 . Retrieve Components 2 | . 2 . Scanalyzer . | . . . Garrison Access Hacks . | . . . Unauthorized Hacks 4 | . 4 . Terminals 4 | . 4 . Assimilate 1 | . 1 . Botnet 3 | . 3 . Fabricators . | . . . Repair Stations . | . . . Recycling Units . | . . . Scanalyzers . | . . . Garrison Access . | . . . Data Cores Recovered 1 | . 1 . Used . | . . . Hacking Detections 7 | . 7 . Full Trace Events . | . . . Feedback Events . | . . . Feedback Blocked . | . . . Robot Schematics Acquired . | . . . Robots Built . | . . . Authchips . | . . . Time . | . . . Total Robot Build Rating . | . . . Part Schematics Acquired . | . . . Parts Built . | . . . Authchips . | . . . Time . | . . . Total Part Build Rating . | . . . Part Studies Acquired . | . . . Parts Repaired 2 | . 2 . Time 52 | . 52 . Parts Recycled . | . . . Recycled Matter . | . . . Retrieved Matter . | . . . Retrieved Components 10 | . 10 . Parts Scanalyzed . | . . . Part Schematics Acquired . | . . . Parts Damaged . | . . . Bothacking | -11 -10 -10 ------------ Run | Yrd Mat Sub Used RIF Installer . | . . . Robots Hacked . | . . . Non-combat . | . . . Combat . | . . . Robot Hacks Applied . | . . . Relay Couplers Released . | . . . Fabnet Peak Effective % . | . . . Robots Rewired . | . . . Allies Hacked . | . . . Hacks Repelled . | . . . Allies | -11 -10 -10 -------- Run | Yrd Mat Sub Total Allies . | . . . Largest Group . | . . . Highest-Rated Group . | . . . Highest-Rated Ally . | . . . Total Orders . | . . . Ally Attacks . | . . . Total Damage . | . . . Kills . | . . . Allies Corrupted . | . . . Allies Melted . | . . . Intel | -11 -10 -10 ------- Run | Yrd Mat Sub Active Infowar (turns) 321 | 13 308 . Seismic 321 | 13 308 . Robot Analysis Total 2 | . 2 . Derelict Logs Recovered . | . . . Drone Launches . | . . . Drone Recoveries . | . . . Exploration | -11 -10 -10 ------------- Run | Yrd Mat Sub Turns Passed 1975 | 36 1027 912 Spaces Moved 1318 | 11 681 626 Core . | . . . Treads . | . . . Legs 1318 | 11 681 626 Wheels . | . . . Hover . | . . . Flight . | . . . Fastest Speed 120 | 120 120 120 Average Speed 120 | 120 121 120 Slowest Speed 190 | 120 190 120 Overloaded Moves . | . . . Propulsion Burnouts . | . . . Robots Hopped . | . . . Potential Cave-ins . | . . . Cave-ins Triggered . | . . . Exploration Rate (%) 40 | 2 90 28 Regions Visited 2 Branch Regions 1 Pre-discovered Areas . | . . . Known Exits Taken . | . . . Unknown Exits Taken 2 | 1 1 . Scrap Searched . | . . . Spaces Dug 7 | . 7 . Terrain Destroyed 23 | . 7 16 Melee . | . . . Projectile . | . . . AOE 23 | . 7 16 Terrain Rammed . | . . . Walls Destroyed . | . . . Machines Disabled . | . . . Actions | -11 -10 -10 --------- Run | Yrd Mat Sub Total 1571 | 24 825 722 Wait 127 | . 78 49 Move 1316 | 10 680 626 Hop . | . . . Pick Up 13 | . 12 1 Fast Attach 5 | 1 4 . Attach 6 | 1 . 5 Detach 4 | 1 3 . Swap 9 | . 4 5 Drop 12 | 5 7 . Fire 74 | 6 32 36 Melee . | . . . Ram . | . . . Kick 5 | . 5 . Crush . | . . . Escape Stasis . | . . . Rewire . | . . . Trap . | . . . Miscellaneous . | . . . Route ------- -11/Scrapyard -10/Materials (discovered 4 exits: [*Mat x2] / [*Min] / [*Sub]) -10/Subcaves History --------- Turn | Location | Event 1 | -11/Scrapyard | Discovered new exit (range 3) 37 | -11/Scrapyard | Entered Materials 158 | -10/Materials | Discovered new exit (range 6) 307 | -10/Materials | Build established: Mutant 330 | -10/Materials | Discovered new exit (range 9) 373 | -10/Materials | Repaired Aluminum Leg 401 | -10/Materials | Repaired Aluminum Leg 675 | -10/Materials | Central database locked down 726 | -10/Materials | Discovered new exit (range 16) 1057 | -10/Materials | Discovered new exit (range 6) 1064 | -10/Materials | Entered Subcaves 1082 | -10/Subcaves | Shifting Twisted Machinery released Riot Gun 1451 | -10/Subcaves | Core integrity fell below 50% 1965 | -10/Subcaves | Core integrity fell below 20% 1976 | -10/Subcaves | Destroyed by G-47 Trooper with Particle Gun Last Messages --------------- 01369_ Subatomizers dissect the Corrupted Sub. Optics. 01426_ Riot Gun destroyed. 01444_ Aluminum Leg destroyed. 01447_ Critical hit (Burn: +37). 01453_ Y-45 Defender destroyed. 01455_ Acquired 46 matter. 01462_ Heat Sink fries itself beyond repair. 01609_ The unstable cave ceiling collapses. 01702_ Subatomizers dissect the Corrupted Sub. Monowheel. 01708_ Acquired 60 matter. 01711_ Acquired 13 matter. 01713_ Subatomizers dissect the Corrupted Sub. Monowheel. 01948_ Critical hit (Burn: +37). 01950_ Lgt. Assault Rifle destroyed. 01956_ Aluminum Leg destroyed. 01956_ Critical hit (Burn: +37). Map ----- +----------------------------------------------------+ | ??????????????????????# #??# ### ##### | | ??????????????????????## ##?###?# ##???## | | ???????????????????????# ##?### "##????## | | ???????????????????????## ## ""#?????## | | ????????????????????????#### "##?????## | | ??####???????#####?????????### #??????## | | ?## ##??##### ###???????### #######???????? | | ?# #### ##?????## #?????????????? | | ## # #????## ##?????????????? | | # #????# ###????????????? | | #?????# #????????????? | | ## #### #?????## ### #????????????? | | # ##??## ##???### #?# #????????????? | | ########### ###### #? #????????????? | | ## # ## #?# ## #????????????? | | #?###?# ???????????? | | ## #?????? ##??????????? | | ##### ### ## ##### #?????? #???????????? | | ##???###?#### ######## #?????? ""??????????? | | ????????????###??# #??????? ""??????????? | | ?????????????????# ###???????## ??????????? | | ?????????????????## ############ ?????????? | | ??????????????????# ?????????? | | ??????????????????# #?????????? | | ??????????????????# g #?????????? | | ??????????????????#### #@ #????????? | | ????????????????????## ## ## ????????? | | ????????????????????# #?# ##??? ?????????????? | | ????????????????????# #?# #??????????????????? | | ????????????????????# ##??# #??????????????????? | | ????????????????????## ????##??????????????????? | | ?????????????????????# ##???????????????????????? | | ????????????????????? ????????????????????????? | | ????????????????????? #????????????????????????? | | ????????????????????? #????????????????????????? | | ????????????????????# ????????????????????????? | | ????????????????????## ""????????????????????????? | | ?????????????????????# ""????????????????????????? | | ?????????????????????# "#????????????????????????? | | ?????????????????????? ??????????????????????????? | | ?????????????????????? ??????????????????????????? | | ??????????????????????"??????????????????????????? | | ?????????????????????????????????????????????????? | | ?????????????????????????????????????????????????? | | ?????????????????????????????????????????????????? | | ?????????????????????????????????????????????????? | | ?????????????????????????????????????????????????? | | ?????????????????????????????????????????????????? | | ?????????????????????????????????????????????????? | | ?????????????????????????????????????????????????? | +----------------------------------------------------+ Best States ------------- Heat Dissipation 25 Energy Generation 10 Energy Capacity 250 Matter Stores 300 Matter Capacity 300 Sight Range 16 Terrain Scan Density 10 Armor Coverage 150 Evasion (%) 55 Item Schematics ----------------- None Robot Schematics ------------------ None Fabricated ------------ Nothing Repaired ---------- Aluminum Leg | 43% | -10/Materials Aluminum Leg | 70% | -10/Materials Studied --------- None Alien Tech Used ----------------- None Achievements -------------- None Challenges ------------ None Game ------ Seed HackingNullWeb Manual? 0 Play Time 00:17:08 Cumulative 96.1 hours Start 2026.04.04 @ 20:59:58 End 2026.04.04 @ 21:15:04 Sessions 1 Manual Loads 0 Difficulty Rogue Special Mode None Game No. 84 Rogue 84 Adventurer 0 Explorer 0 Win Type - Total 5 Types 3/0/1/1/0/0/0/0/0/0 Lore% 54 Gallery% 46 Achievement% 41 Wizard Run 0 Options --------- Layout 2 ASCII 0 Keyboard 1 Movement Arrows Keybinds 0 Fullscreen 2 Font 24/Terminus Map View 50x44 Zoom Use 0% Tactical HUD 1 Map Filters NONE Filters NONE Steam 1 RUN: 55b4bd48-1213-42e6-bca6-38dd08c0ed06